 Dungeon Crawl Stone Soup version 0.27.1-4-g1640c2035a (webtiles) character file.

Game seed: 1596816960362040140

51 Nixze the Magician (level 3, -9/19 HPs)
             Began as a Deep Elf Hedge Wizard on Nov 17, 2021.
             Mangled by Sigmund (11 damage)
             ... on level 2 of the Dungeon.
             The game lasted 00:04:22 (2219 turns).

Nixze the Magician (Deep Elf Hedge Wizard)          Turns: 2219, Time: 00:04:23

Health: -9/19      AC:  6    Str:  7    XL:     3   Next: 57%
Magic:  0/10       EV: 12    Int: 19    God:
Gold:   29         SH:  0    Dex: 14    Spells: 2/10 levels left

rFire    . . .     SeeInvis .   a - +0 dagger
rCold    . . .     Faith    .   (no shield)
rNeg     . . .     Spirit   .   b - +0 robe
rPois    .         Reflect  .   c - +0 hat
rElec    .         Harm     .   (no cloak)
rCorr    .         Rampage  .   (no gloves)
Will     .....                  (no boots)
Stlth    ++........             (no amulet)
HPRegen  0.06/turn              h - +4 ring of protection
MPRegen  0.12/turn              (no ring)

@: no status effects
A: no striking features
a: no special abilities


You were on level 2 of the Dungeon.
You visited 1 branch of the dungeon, and saw 2 of its levels.

You collected 29 gold pieces.

Inventory:

Hand Weapons
 a - a +0 dagger (weapon)
Armour
 b - a +0 robe (worn)
 c - a +0 hat (worn)
Jewellery
 h - a +4 ring of protection (left hand)
Scrolls
 e - a scroll of acquirement {unknown}
 g - 3 scrolls of identify {unknown}
Potions
 f - a potion of heal wounds {unknown}
 i - a potion of might {unknown}


   Skills:
 - Level 2.4 Dodging
 - Level 2.4 Stealth
 - Level 4.4 Spellcasting
 + Level 3.9 Conjurations
 - Level 1.1 Summonings
 - Level 1.1 Translocations


You had 2 spell levels left.
You knew the following spells:

 Your Spells              Type           Power      Damage    Failure   Level
a - Magic Dart            Conj           76%        1d6       2%          1
b - Blink                 Tloc           N/A        N/A       13%         2
c - Slow                  Hex            4%         N/A       21%         2
d - Mephitic Cloud        Conj/Pois/Air  9%         N/A       22%         3

Your spell library contained the following spells:

 Spells                   Type           Power      Damage    Failure   Level
 Animate Skeleton         Necr           8%         N/A       13%         1
 Pain                     Necr           16%        1d4       13%         1
 Call Imp                 Summ           8%         N/A       13%         2
 Conjure Flame            Conj/Fire      11%        6-21      17%         3
 Summon Guardian Golem    Hex/Summ       6%         N/A       32%         3
 Vampiric Draining        Necr           2%         2d6       36%         3
 Orb of Destruction       Conj           9%         9d4       100%        7
 Spellforged Servitor     Conj/Summ      6%         N/A       100%        7


Dungeon Overview and Level Annotations

Branches:
Dungeon (2/15)

Altars:

Annotations:
D:2 Sigmund


Message History

Unknown command.
You hit Sigmund but do no damage.
Sigmund is severely wounded.
Sigmund closely misses you.
You hit Sigmund but do no damage.
Sigmund is severely wounded.
Sigmund hits you with a +0 scythe.
You hit Sigmund but do no damage.
Sigmund is severely wounded.
You hit Sigmund.
Sigmund is severely wounded.
Sigmund gestures at you while chanting. The puff of flame hits you!
Casting: Magic Dart (safe; 2% risk of failure)
Confirm with . or Enter, or press ? or * to list all spells.
Aiming: Magic Dart (safe; 2% risk of failure)
Press: ? - help, Shift-Dir - straight line, f/p - Sigmund
Aim: Sigmund, wielding a +0 scythe and wearing a +0 robe (severely wounded, 100% to hit)
The magic dart hits Sigmund.
Sigmund is almost dead.
Sigmund hits you but does no damage.
You hit Sigmund but do no damage.
Sigmund is almost dead.
Sigmund points at you and mumbles some strange words.
You resist with some effort.
You hit Sigmund but do no damage.
Sigmund is almost dead.
Sigmund closely misses you.
You closely miss Sigmund.
Sigmund is almost dead.
You hit Sigmund.
Sigmund is almost dead.
Sigmund points at you and mumbles some strange words.
The magic dart hits you.
* * * LOW HITPOINT WARNING * * *
You hit Sigmund.
Sigmund is almost dead.
Sigmund hits you with a +0 scythe!
Ouch! That really hurt!
You die...

.##.# .##.########
#(# ............
((( .##.########
#(# .#...## #(#
......# #.#
.#...## #.# ###.##
#@# #.# ####@#####
#.# #........#
##'## #.##.###.#
##...## #. #.# #.#
#.....## #. #.#
#.# .......##
##.#..# #.#
........####...###
#.#
.<......+.......
#.# .......[#
#...#####.#


You could see Sigmund.

Vanquished Creatures
  A dart slug (D:1)
  3 ball pythons
  4 bats (D:1)
  4 endoplasms (D:1)
  2 giant cockroaches (D:1)
  4 goblins
  8 hobgoblins (D:1)
  3 jackals (D:1)
  2 kobolds (D:1)
  A quokka (D:1)
  6 frilled lizards (D:1)
  4 rats
42 creatures vanquished.

Notes
Turn   | Place    | Note
-------+----------+-------------------------------------------
     0 | D:1      | Nixze the Deep Elf Hedge Wizard began the quest for the
                  | Orb.
     0 | D:1      | Reached XP level 1. HP: 10/10 MP: 7/7
   179 | D:1      | Reached XP level 2. HP: 15/15 MP: 1/9
   786 | D:1      | Reached XP level 3. HP: 15/19 MP: 1/10
  1266 | D:1      | Learned a level 2 spell: Blink
  1269 | D:1      | Learned a level 2 spell: Slow
  1273 | D:1      | Learned a level 3 spell: Mephitic Cloud
  2188 | D:2      | Noticed Sigmund
  2219 | D:2      | Mangled by Sigmund

Illustrated notes

Levels and vault maps discovered:
D:1:      minmay_arrival_arboretum_small, layout_basic, minmay_pentomino_q4
D:2:      layout_loops_corners, kennysheep_boxes, uniq_natasha, uniq_sigmund

Skill      XL: |  1  2 |
---------------+-------+-----
Conjurations   | 2 3 |  3.9
Dodging        | |  2.4
Stealth        | |  2.4
Spellcasting   | |  4.4
Summonings     | |  1.1
Translocations | |  1.1

Action                   || total
-------------------------++-------
Melee: Dagger            ||    23
Throw: Dart              ||    10
 Cast: Magic Dart        ||   105
       Mephitic Cloud    ||     1
Armor: Robe              ||     5
Dodge: Dodged            ||    22
